AoeStats
← 7thSKINS

Arena

507907391Analyzed
1v1 RM · 11d ago on Sep 20, 2026· 70m 56s· 2 players
Game mode
Random Map
Map size
Tiny (2 player)
Population
200
Speed
Normal
Resources
Standard
Victory
Conquest
Starting age
Dark Age
Ending age
Imperial Age
RankedLock teamsTeams togetherTeam positionsShared explorationLock speedFull tech treeHidden civsTurbo modeCheats
Victory
Defeat
🇷🇴 Britons · Romania
494
+20
🇹🇼 Cumans · Taiwan
576
-20
7thSKINS
0:30 Loom
11:27 Feudal Age
11:48 Horse Collar
11:56 Double-Bit Axe
18:47 Castle Age
17:35 Scale Mail Armor
17:42 Fletching
19:35 Heavy Plow
19:47 Bow Saw
20:25 Fervor
23:32 Forging
25:05 Town Watch
27:18 Bodkin Arrow
27:39 Chain Mail Armor
28:00 Iron Casting
27:27 Padded Archer Armor
27:42 Elite Skirmisher
28:25 Squires
28:11 Gambesons
27:48 Pikeman
27:49 Man-at-Arms
28:42 Stone Mining
30:32 Wheelbarrow
31:10 Leather Archer Armor
31:51 Long Swordsman
32:17 Arson
38:11 Imperial Age
36:25 Murder Holes
37:09 Ballistics
36:58 Gold Mining
38:53 Fortified Wall
38:54 Masonry
40:08 Two-Man Saw
40:14 Chemistry
39:19 Bracer
39:51 Ring Archer Armor
39:52 Plate Mail Armor
40:23 Blast Furnace
38:51 Elite Longbowman
42:08 Yeomen
44:15 Arrowslits
44:03 Halberdier
49:11 Conscription
50:26 Siege Engineers
52:28 Sanctity
62:42 Hoardings
denniel
4:46 Loom
10:52 Feudal Age
11:20 Double-Bit Axe
11:45 Horse Collar
15:11 Wheelbarrow
20:18 Castle Age
18:55 Gold Mining
19:05 Fletching
22:21 Bow Saw
29:40 Town Watch
30:09 Heavy Plow
30:56 Scale Barding Armor
30:47 Bodkin Arrow
31:08 Bloodlines
34:54 Imperial Age
32:47 Ballistics
33:01 Light Cavalry
34:11 Herbal Medicine
36:44 Chemistry
36:09 Chain Barding Armor
36:00 Forging
35:42 Elite Steppe Lancer
37:02 Parthian Tactics
37:54 Gold Shaft Mining
37:10 Stone Mining
37:47 Devotion
38:25 Conscription
38:12 Steppe Husbandry
38:52 Hand Cart
38:37 Town Patrol
39:18 Iron Casting
38:20 Heavy Cavalry Archer
40:43 Murder Holes
40:59 Masonry
47:32 Cavalier
47:59 Elite Kipchak
48:55 Paladin
50:17 Cuman Mercenaries
51:13 Elite Skirmisher
51:44 Hussar
53:44 Plate Barding Armor
54:09 Blast Furnace
59:10 Onager
69:35 Two-Man Saw
Connection lost

Rejoining the realm…

Still unreachable

The connection could not be restored.

Session expired

The server has moved on; the page needs a fresh start.